 Dungeon Crawl Stone Soup version 0.27-a0-633-gc6addc0a40 (webtiles) character file.

Game seed: 485692730745154121

9032 rednaxela the Tainter (level 11, -4/100 HPs)
             Began as a Naga Venom Mage on Mar 13, 2021.
             Was a Priest of Cheibriados.
             Slain by an eight-headed hydra (14 damage)
             ... on level 11 of the Dungeon on Mar 14, 2021.
             The game lasted 00:39:52 (14767 turns).

rednaxela the Tainter (Naga Venom Mage)            Turns: 14767, Time: 00:39:52

Health: -4/100     AC:  8    Str: 18    XL:     11   Next: 40%
Magic:  14/21      EV: 10    Int: 26    God:    Cheibriados [***...]
Gold:   221        SH:  0    Dex: 26    Spells: 11/24 levels left

rFire    . . .     SeeInvis +   u - +9 quarterstaff "Zegatt" {protect, +Blink}
rCold    + . .     Faith    .   (shield currently unavailable)
rNeg     . . .     Spirit   .   D - +1 leather armour of Ghostly the Good {Dex+2}
rPois    +         Reflect  .   (no helmet)
rElec    .         Harm     .   G - +0 cloak
rCorr    .         Rampage  .   C - +0 pair of gloves
Will     +....                  (no barding)
Stlth    +++.......             f - amulet of the acrobat
HPRegen  0.26/turn              m - +6 ring of dexterity
MPRegen  0.17/turn              y - ring of protection from cold

@: very slow
A: AC +3, large, see invisible, deformed body, poison resistance, slowness 2,
spit poison 1, naga tail 1
a: Spit Poison, Renounce Religion, Evoke Blink, Bend Time, Temporal Distortion


You were on level 11 of the Dungeon.
You worshipped Cheibriados.
Cheibriados was most pleased with you.
You visited 2 branches of the dungeon, and saw 12 of its levels.

You collected 419 gold pieces.
You spent 198 gold pieces at shops.

Inventory:

Hand Weapons
 u - the +9 quarterstaff "Zegatt" (weapon) {protect, +Blink}
   (You found it on level 5 of the Dungeon)

   It grants its wielder temporary protection when it strikes (+7 to AC).
   It lets you blink.
Missiles
 t - a throwing net {!f}
Armour
 a - a +0 robe
 h - a +0 scale mail
   (You found it on level 1 of the Dungeon)
 C - a +0 pair of gloves (worn)
   (You found it on level 6 of the Dungeon)
 D - the +1 leather armour of Ghostly the Good (worn) {Dex+2}
   (You found it on level 4 of the Dungeon)

   It affects your dexterity (+2).
 G - a +0 cloak (worn)
   (You found it on level 8 of the Dungeon)
Jewellery
 c - an amulet of regeneration
   (You found it on level 1 of the Dungeon)
 f - an amulet of the acrobat (around neck)
   (You found it on level 1 of the Dungeon)
 l - an amulet of guardian spirit
   (You found it on level 2 of the Dungeon)
 m - a +6 ring of dexterity (right hand)
   (You found it on level 3 of the Dungeon)
 y - a ring of protection from cold (left hand)
   (You found it on level 6 of the Dungeon)
 H - a ring of poison resistance
   (You found it on level 10 of the Dungeon)
Wands
 w - a wand of acid (14) {@v1}
   (You found it on level 5 of the Dungeon)
 x - a wand of polymorph (7)
   (You found it on level 5 of the Dungeon)
 E - a wand of digging (3) {@v3}
   (You took it off Pikel on level 7 of the Dungeon)
Scrolls
 d - 3 scrolls of enchant armour
 e - 3 scrolls of amnesia
 g - 2 scrolls of enchant weapon
 j - 2 scrolls of fog {!r}
 k - 2 scrolls of fear {!r}
 n - a scroll of blinking {@r4}
 p - 7 scrolls of teleportation {@r3 !r}
 q - a scroll of immolation
 A - 2 scrolls of identify {@r1}
 B - 2 scrolls of magic mapping {@r5 !r}
Potions
 b - a potion of brilliance {unknown}
 i - 3 potions of lignification {@q5}
 r - 6 potions of flight
 s - 4 potions of haste {unknown}
 v - 3 potions of magic {!q}
 z - a potion of curing {@q1 !q}
 F - a potion of mutation
 I - a potion of ambrosia {unknown}


   Skills:
 + Level 7.5 Fighting
 + Level 7.5 Staves
 - Level 1.7 Dodging
 - Level 3.2 Stealth
 + Level 7.3 Spellcasting
 - Level 1.2 Transmutations
 - Level 12.8 Poison Magic
 + Level 5.2 Invocations
 - Level 3.4 Evocations


You had 11 spell levels left.
You knew the following spells:

 Your Spells              Type           Power      Damage    Failure   Level
a - Sting                 Tmut/Pois      100%       1d8       1%          1
b - Poisonous Vapours     Pois/Air       84%        N/A       1%          2
c - Ignite Poison         Fire/Tmut/Pois 33%        N/A       3%          3
m - Mephitic Cloud        Conj/Pois/Air  31%        N/A       3%          3
z - Olgreb's Toxic Radia  Pois           66%        N/A       1%          4

Your spell library contained the following spells:

 Spells                   Type           Power      Damage    Failure   Level
 Summon Small Mammal      Summ           36%        N/A       8%          1
 Call Imp                 Summ           9%         N/A       11%         2
 Call Canine Familiar     Summ           9%         N/A       22%         3
 Summon Guardian Golem    Hex/Summ       9%         N/A       22%         3
 Summon Ice Beast         Ice/Summ       9%         N/A       58%         4
 Summon Lightning Spire   Summ/Air       9%         N/A       58%         4


Dungeon Overview and Level Annotations

Branches:
Dungeon (11/15)            Temple (1/1) D:6             Orc (0/2) D:10
   Lair: D:8-11

Altars:
Ashenzari
Cheibriados
Dithmenos
Elyvilon
Fedhas
Gozag
Hepliaklqana
Kikubaaqudgha
Makhleb
Nemelex Xobeh
Okawaru
Qazlal
Ru
Sif Muna
Trog
Uskayaw
Vehumet
Wu Jian
Xom
Yredelemnul
Zin
The Shining One

Shops:
D:8 ?*   D:9 [

Annotations:
D:5 exclusion: door
D:6 3 runed translucent doors, exclusion: oklob sapling, sideus8's ghost, novice GrFi


Innate Abilities, Weirdness & Mutations

Your serpentine skin is tough. (AC +3)
You have supernaturally acute eyesight. (SInv)
Armour fits poorly on your strangely shaped body.
Your system is resistant to poisons. (rPois)
You cover ground very slowly.
You can spit poison.
You have a snake-like lower body.


Message History

Found a stone staircase leading down.
I - a fizzy yellow potion You now have 221 gold pieces (gained 21).
There is a stone staircase leading down here.
Found a stone staircase leading down.
You see here a +0 ring mail.
s - 4 orange potions (gained 2)
Found a dagger.
You see here a +0 dagger.
Done exploring.
Done exploring.
Done exploring.
You see here a +0 dagger.
There is a stone staircase leading down here.
You climb downwards.
There is a stone staircase leading up here.
Found 23 stones.
Found a stone staircase leading down.
An eight-headed hydra comes into view.
The eight-headed hydra moves out of view.
The eight-headed hydra barely misses you.
The eight-headed hydra completely misses you.
The eight-headed hydra bites you!
The eight-headed hydra closely misses you.
The eight-headed hydra bites you! The eight-headed hydra misses you.
The eight-headed hydra closely misses you.
The eight-headed hydra bites you but does no damage.
You sock the eight-headed hydra!
Your weapon exudes an aura of protection.
The eight-headed hydra is lightly wounded.
The eight-headed hydra bites you but does no damage. x3
The eight-headed hydra bites you!
* * * LOW HITPOINT WARNING * * *
The eight-headed hydra bites you but does no damage. x2
The eight-headed hydra barely misses you.
The eight-headed hydra bites you!
* * * LOW HITPOINT WARNING * * *
You are too injured to fight recklessly!
You sock the eight-headed hydra!
The eight-headed hydra is moderately wounded.
You barely miss the eight-headed hydra.
The eight-headed hydra is moderately wounded.
The eight-headed hydra barely misses you.
The eight-headed hydra bites you but does no damage.
The eight-headed hydra barely misses you.
The eight-headed hydra bites you.
* * * LOW HITPOINT WARNING * * *
The eight-headed hydra bites you.
* * * LOW HITPOINT WARNING * * *
The eight-headed hydra bites you!
* * * LOW HITPOINT WARNING * * *
The eight-headed hydra bites you but does no damage.
The eight-headed hydra bites you.
* * * LOW HITPOINT WARNING * * *
Aiming: Corrosive Bolt
Press: ? - help, Shift-Dir - straight line, f - eight-headed hydra
Aim: an eight-headed hydra (moderately wounded, 9% to evade)
The bolt of acid hits the eight-headed hydra!
The eight-headed hydra is splashed with acid.
The acid corrodes the eight-headed hydra!
The eight-headed hydra is heavily wounded.
The eight-headed hydra bites you!
* * * LOW HITPOINT WARNING * * *
The eight-headed hydra closely misses you.
The eight-headed hydra bites you.
* * * LOW HITPOINT WARNING * * *
The eight-headed hydra bites you but does no damage.
The eight-headed hydra bites you!
* * * LOW HITPOINT WARNING * * *
The eight-headed hydra barely misses you.
The eight-headed hydra bites you!
* * * LOW HITPOINT WARNING * * *
The eight-headed hydra barely misses you.
You warp the flow of time around you!
Really quaff
o - a potion of heal wounds {@q2 !q}?
You feel much better.
The eight-headed hydra barely misses you.
The eight-headed hydra bites you but does no damage. x3
The eight-headed hydra bites you.
* * * LOW HITPOINT WARNING * * *
The eight-headed hydra bites you but does no damage. x3
Okay, then.
The flow of time bends around you.
The eight-headed hydra easily resists.
Cheibriados lowers the support of your attributes as your movement quickens.
The eight-headed hydra completely misses you.
The eight-headed hydra bites you but does no damage.
The eight-headed hydra bites you!
* * * LOW HITPOINT WARNING * * *
The eight-headed hydra barely misses you.
The eight-headed hydra misses you.
The eight-headed hydra bites you but does no damage. x2
The eight-headed hydra bites you.
* * * LOW HITPOINT WARNING * * *
You fail to use your ability.
The eight-headed hydra bites you but does no damage.
The eight-headed hydra barely misses you.
The eight-headed hydra bites you!
* * * LOW HITPOINT WARNING * * *
The eight-headed hydra bites you!
You die...

#########################
>........<...D@..........
.(......####..##..#.....#
........# #......# ....#
........####.####.# ...#
.............# #.# ..#
.............# #.# .#
############## #.# # #.#
..


You could see an eight-headed hydra (corroded).

Vanquished Creatures
  Erica (D:9)
  2 two-headed ogres
  An unseen horror (D:10)
  Pikel (D:7)
  A cyclops (D:9)
  A moth of wrath (D:5)
  A troll (D:9)
  Prince Ribbit (D:7)
  A hornet (D:9)
  5 yaks (D:7)
  A steam dragon (D:8)
  A warg (D:9)
  A water moccasin (D:6)
  An ice beast (D:9)
  A sky beast (D:10)
  2 black bears
  3 ogres
  An orc warrior (D:7)
  3 centaurs
  A kobold brigand (D:9)
  2 lemures (D:7)
  6 bullfrogs
  A wyvern zombie (D:9)
  2 scorpions
  14 killer bees
  An electric eel (D:8)
  2 quasits
  10 hounds
  2 jellies (D:9)
  2 orc priests
  A gnoll shaman (D:5)
  2 iguanas
  12 orc wizards
  11 worker ants
  A hound zombie (D:9)
  3 worker ant zombies
  12 gnolls
  12 adders
  2 shadow imps (D:9)
  A white imp (D:5)
  3 ufetubi
  3 oozes (D:4)
  An adder skeleton (D:9)
  A worm (D:5)
  3 dart slugs
  5 leopard geckos
  27 orcs
  4 giant cockroaches
  2 goblins (D:2)
  6 hobgoblins
  5 jackals
  13 kobolds
  4 quokkas
  2 ball pythons
  A ball python skeleton (D:4)
  4 bats
  A frilled lizard (D:2)
  A leopard gecko zombie (D:5)
  A quokka skeleton (D:9)
  9 rats
225 creatures vanquished.

Vanquished Creatures (others)
  7 plants (D:6)
7 creatures vanquished.

Grand Total: 232 creatures vanquished

Notes
Turn   | Place    | Note
-------+----------+-------------------------------------------
     0 | D:1      | rednaxela the Naga Venom Mage began the quest for the Orb.
     0 | D:1      | Reached XP level 1. HP: 15/15 MP: 3/3
   672 | D:1      | Reached XP level 2. HP: 22/22 MP: 3/5
  1116 | D:1      | Learned a level 2 spell: Poisonous Vapours
  1436 | D:2      | Reached skill level 5 in Poison Magic
  1436 | D:2      | Reached XP level 3. HP: 27/28 MP: 1/6
  1719 | D:2      | Reached skill level 6 in Poison Magic
  1719 | D:2      | Reached XP level 4. HP: 33/36 MP: 2/7
  1724 | D:2      | Learned a level 4 spell: Olgreb's Toxic Radiance
  3533 | D:4      | Reached skill level 7 in Poison Magic
  3533 | D:4      | Reached XP level 5. HP: 41/42 MP: 1/8
  3864 | D:4      | Noticed a centaur
  3872 | D:4      | Killed a centaur
  3873 | D:4      | Reached skill level 8 in Poison Magic
  3873 | D:4      | Reached XP level 6. HP: 20/49 MP: 4/9
  4233 | D:4      | Reached skill level 9 in Poison Magic
  5115 | D:5      | Entered Level 5 of the Dungeon
  5290 | D:5      | Reached XP level 7. HP: 46/55 MP: 5/10
  5566 | D:5      | Reached skill level 10 in Poison Magic
  6526 | D:5      | Identified the +9 quarterstaff "Zegatt" {protect, +Blink}
  6665 | D:5      | Reached skill level 11 in Poison Magic
  7060 | D:5      | Reached XP level 8. HP: 46/62 MP: 11/11
  7248 | D:5      | Noticed a moth of wrath
  7268 | D:5      | Killed a moth of wrath
  7269 | D:5      | Reached skill level 12 in Poison Magic
  7351 | D:5      | Found a bloodstained altar of Trog.
  7472 | D:6      | Reached skill level 1 in Fighting
  7472 | D:6      | Reached skill level 1 in Staves
  7549 | D:6      | Found a runed translucent gate.
  7549 | D:6      | Found a runed translucent gate.
  7549 | D:6      | Found a runed translucent gate.
  7551 | D:6      | Noticed sideus8's ghost (novice GrFi)
  7923 | D:6      | Reached skill level 2 in Fighting
  7923 | D:6      | Reached skill level 2 in Staves
  8058 | D:6      | Reached skill level 3 in Spellcasting
  8074 | D:6      | Found a staircase to the Ecumenical Temple.
  8160 | D:6      | Reached XP level 9. HP: 62/74 MP: 2/14
  8284 | D:6      | Found a hide-covered altar of Uskayaw.
  8316 | D:6      | Learned a level 3 spell: Mephitic Cloud
  8374 | D:6      | Reached skill level 3 in Fighting
  8374 | D:6      | Reached skill level 3 in Staves
  8693 | D:4      | Identified the +1 leather armour of Ghostly the Good
                  | {Dex+2}
  9047 | D:7      | Reached skill level 4 in Spellcasting
  9247 | D:7      | Found an iron altar of Okawaru.
  9306 | D:7      | Learned a level 3 spell: Ignite Poison
  9357 | D:7      | Reached skill level 4 in Fighting
  9357 | D:7      | Reached skill level 4 in Staves
  9444 | D:7      | Found a broken altar of Ashenzari.
  9623 | D:7      | Noticed Pikel
  9640 | D:7      | Killed Pikel
  9641 | D:7      | Reached skill level 2 in Evocations
  9651 | D:7      | Reached skill level 5 in Spellcasting
  9834 | D:7      | Reached skill level 5 in Staves
  9838 | D:7      | Reached skill level 5 in Fighting
  9838 | D:7      | Reached XP level 10. HP: 35/88 MP: 4/17
  9840 | D:7      | Reached skill level 3 in Evocations
 10273 | D:7      | Found a burning altar of Makhleb.
 10295 | D:7      | Noticed Prince Ribbit
 10319 | D:7      | Killed Prince Ribbit
 10373 | D:7      | Found a shimmering altar of Xom.
 10373 | D:7      | Found a glowing golden altar of the Shining One.
 10374 | D:7      | Found an ancient bone altar of Kikubaaqudgha.
 10684 | D:8      | Found Senays's Magic Scroll Shop.
 10690 | D:8      | Bought a scroll of blinking for 90 gold pieces
 10690 | D:8      | Bought a scroll of teleportation for 36 gold pieces
 10690 | D:8      | Bought a scroll of identify for 24 gold pieces
 10690 | D:8      | Bought a scroll of identify for 24 gold pieces
 10690 | D:8      | Bought a scroll of identify for 24 gold pieces
 10801 | Temple   | Entered the Ecumenical Temple
 11073 | Temple   | Became a worshipper of Cheibriados the Contemplative
 11416 | D:8      | Found Onefageg's Elemental Accessories.
 11706 | D:8      | Noticed a two-headed ogre
 11717 | D:8      | Killed a two-headed ogre
 11718 | D:8      | Reached skill level 1 in Invocations
 12223 | D:8      | Found a shimmering altar of Xom.
 12223 | D:8      | Found a shimmering altar of Xom.
 12224 | D:8      | Found a shimmering altar of Xom.
 12240 | D:8      | Found a shimmering altar of Xom.
 12266 | D:9      | Reached skill level 6 in Fighting
 12266 | D:9      | Reached skill level 6 in Staves
 12266 | D:9      | Reached skill level 6 in Spellcasting
 12266 | D:9      | Reached skill level 2 in Invocations
 12619 | D:9      | Reached * piety under Cheibriados
 12720 | D:9      | Noticed Erica
 12729 | D:9      | Reached skill level 3 in Invocations
 12736 | D:9      | Killed Erica
 13221 | D:9      | Reached ** piety under Cheibriados
 13222 | D:9      | Reached XP level 11. HP: 92/99 MP: 15/20
 13224 | D:9      | Noticed a cyclops
 13229 | D:9      | Noticed a two-headed ogre
 13239 | D:9      | Killed a two-headed ogre
 13240 | D:9      | Reached skill level 7 in Fighting
 13240 | D:9      | Reached skill level 7 in Staves
 13240 | D:9      | Reached skill level 4 in Invocations
 13241 | D:9      | Killed a cyclops
 13553 | D:9      | Reached skill level 7 in Spellcasting
 13648 | D:9      | Found Xeazei's Antique Armour Shoppe.
 13933 | D:10     | Entered Level 10 of the Dungeon
 13949 | D:10     | Reached *** piety under Cheibriados
 14136 | D:10     | Found a staircase to the Orcish Mines.
 14148 | D:10     | Identified the +7 hand axe of the Hungering Eel {freeze,
                  | rElec rF++}
 14294 | D:10     | Noticed an unseen horror
 14308 | D:10     | Killed an unseen horror
 14309 | D:10     | Reached skill level 5 in Invocations
 14757 | D:11     | Noticed an eight-headed hydra
 14764 | D:11     | HP: 3/100 [eight-headed hydra (11)]
 14767 | D:11     | Slain by an eight-headed hydra

Illustrated notes

Levels and vault maps discovered:
D:1:      amcnicky_arrival_choice, layout_basic, corexii_corridor_pit
D:2:      layout_loops_ring
D:3:      layout_basic, minmay_pentomino_pile
D:4:      layout_loops_ring, grunt_ministairs_10
D:5:      layout_basic, tgw_trog, minmay_pentangle
D:6:      layout_cave_pools, nicolae_uskayaw_suspiria,
          minmay_temple_entry_oklob, ebering_ghost_rock_garden, hex_medium,
          minmay_door_square
D:7:      layout_basic, lightli_temple_of_fire, okawaru_metal_pillars_1_2,
          chequers_temple_overflow_statue_of_worship, evilmike_ruin_ashenzari,
          uniq_prince_ribbit1, uniq_pikel
D:8:      layout_basic, serial_shops, shop, nicolae_elemental_shop,
          roderic_lattice_a, xom_shifter_show
D:9:      layout_cave_pods, serial_shops, nicolae_shop_trees, uniq_erica
D:10:     layout_rooms, david_orc_3
D:11:     layout_stronghold, lair_entry_dummy, minivault_7
Temple:   minmay_temple_curvy_branch

Skill      XL: |  1  2  3  4  5  6  7  8  9 10 11 |
---------------+----------------------------------+-----
Poison Magic   | 5 6 7 8 9 11 12 | 12.8
Fighting       | 2 5 6 7 |  7.5
Staves         | 2 5 6 7 |  7.5
Spellcasting   | 3 5 6 7 |  7.3
Evocations     | 2 3 |  3.4
Invocations    | 3 5 |  5.2
Dodging        | |  1.7
Stealth        | |  3.2
Transmutations | |  1.2

Action                   |  1- 3 |  4- 6 |  7- 9 | 10-12 || total
-------------------------+-------+-------+-------+-------++-------
Melee: Short sword       |     8 |    26 |     9 |       ||    43
       Quarterstaff      |       |       |    53 |    97 ||   150
 Cast: Sting             |    12 |    47 |    13 |    11 ||    83
       Poisonous Vapours |    16 |    44 |    61 |    36 ||   157
       Olgreb's Toxic Ra |       |     3 |    21 |    29 ||    53
       Mephitic Cloud    |       |       |       |     3 ||     3
Invok: Bend Time         |       |       |       |     1 ||     1
       Temporal Distorti |       |       |       |     1 ||     1
 Abil: Evoke Blink       |       |       |       |     1 ||     1
Evoke: Wand              |       |       |     1 |     1 ||     2
  Use: Potion            |     1 |       |       |     1 ||     2
       Scroll            |       |    10 |       |     8 ||    18
 Stab: Sleeping          |       |       |       |     4 ||     4
       Confused          |       |       |       |     3 ||     3
       Distracted        |       |       |       |     2 ||     2
Armor: Robe              |     4 |    13 |    17 |       ||    34
       Leather armour    |       |       |    18 |    71 ||    89
Dodge: Dodged            |     6 |    26 |    76 |   133 ||   241

Table legend: (Time is in decaauts)
 A = Elapsed time spent in this place.
 B = Non-inter-level travel time spent in this place.
 C = Inter-level travel time spent in this place.
 D = Time resting spent in this place.
 E = Time spent auto-exploring this place.
 F = Levels seen in this place.
 G = Mean time per level.
                   A        B        C        D        E       F      G
               +--------+--------+--------+--------+--------+-----+--------+
         Total |  18815 |  17600 |   1215 |   2106 |  13258 |  12 | 1567.9 |
       Dungeon |  18396 |  17256 |   1140 |   2106 |  12919 |  11 | 1672.4 |
        Temple |    418 |    343 |     75 |      0 |    339 |   1 |  418.0 |
               +--------+--------+--------+--------+--------+-----+--------+

Top non-repeatable levels by time:
     D:9: 2410 daAuts
     D:5: 2071 daAuts
     D:7: 1970 daAuts
     D:8: 1929 daAuts
     D:6: 1881 daAuts
     D:4: 1811 daAuts
     D:3: 1786 daAuts
     D:2: 1687 daAuts
     D:1: 1544 daAuts
    D:10: 1247 daAuts
  Temple: 418 daAuts
    D:11: 56 daAuts
